 Seeded DCSS version 0.29.0-13-gc9e81de378 (webtiles) character file.

Game seed: 17415158444436955216 (custom seed)

8 nickcage the Slasher (level 2, 0/22 HPs)
             Began as a Merfolk Gladiator on Sept 7, 2022.
             Slain by a gnoll
             ... wielding a +0 spear
              (4 damage)
             ... on level 1 of the Dungeon.
             The game lasted 00:00:53 (269 turns).

nickcage the Slasher (Merfolk Gladiator)             Turns: 269, Time: 00:00:53

Health: 0/22       AC:  4    Str: 14    XL:     2   Next: 8%
Magic:  2/2        EV: 13    Int:  7    God:
Gold:   11         SH:  0    Dex: 15    Spells: 1/1 levels left

rFire   . . .      SeeInvis .   a - +0 long sword
rCold   . . .      Faith    .   (no shield)
rNeg    . . .      Spirit   .   b - +0 leather armour
rPois   .          Reflect  .   c - +0 helmet
rElec   .          Harm     .   (no cloak)
rCorr   .          Rampage  .   (no gloves)
Will    .....                   (no boots)
Stlth   +.........              (no amulet)
HPRegen 0.07/turn               (no ring)
MPRegen 0.08/turn               (no ring)

@: no status effects
A: (nimble swimmer 2), mertail
a: no special abilities


You were on level 1 of the Dungeon.
You visited 1 branch of the dungeon, and saw 1 of its levels.

You collected 11 gold pieces.

Inventory:

Hand Weapons
 a - a +0 long sword (weapon)
Missiles
 d - 3 throwing nets (quivered)
 e - a javelin
Armour
 b - a +0 leather armour (worn)
 c - a +0 helmet (worn)
Scrolls
 f - a scroll of identify {unknown}
 g - a scroll of butterflies {unknown}


   Skills:
 - Level 2.1 Fighting
 + Level 4.3 Long Blades
 - Level 2.0 Throwing
 - Level 4.0 Dodging


You had one spell level left.
You didn't know any spells.
Your spell library was empty.

Dungeon Overview and Level Annotations

Branches:
Dungeon (1/15)

Altars:


Innate Abilities, Weirdness & Mutations

((You are very nimble when in or above water. (Stealth+, EV+, Speed+++)))
Your lower body shifts to a powerful aquatic tail in water.


Message History

You kill the bat!
HP restored.
Found a short sword.
You now have 11 gold pieces.
f - a scroll labelled JAWNATU CETH
g - a scroll labelled CISICO ESEMUIL A hobgoblin comes into view.
The hobgoblin shouts!
You see here a Young Poisoner's Handbook.
Your legs become a tail as you enter the water.
A gnoll comes into view. It is wielding a +0 spear.
A frilled lizard comes into view.
The frilled lizard hisses angrily.
The gnoll shouts!
You hit the hobgoblin but do no damage. The hobgoblin barely misses you.
You barely miss the hobgoblin. The hobgoblin hits you.
You hit the hobgoblin.
The hobgoblin is severely wounded.
The hobgoblin closely misses you.
You hit the hobgoblin.
The hobgoblin is almost dead.
The hobgoblin barely misses you.
You hit the hobgoblin.
You kill the hobgoblin!
The gnoll hits you but does no damage.
You have reached level 2!
The frilled lizard attacks as you move away!
The frilled lizard closely misses you.
The frilled lizard attacks as you move away!
The frilled lizard bites you. The gnoll barely misses you.
You slash the frilled lizard!
You kill the frilled lizard!
The gnoll hits you from afar with a +0 spear.
The gnoll hits you from afar with a +0 spear!
* * * LOW HITPOINT WARNING * * *
The gnoll closely misses you.
You closely miss the gnoll. The gnoll closely misses you.
You slash the gnoll!
The gnoll is severely wounded.
The gnoll hits you with a +0 spear.
You die...

.#≈.........##
......≈≈≈....##
........≈≈≈...#
..........≈≈..#
#....~≈....≈~.# .....
##...~≈..~≈≈...# ......
#.#..≈≈...≈.....#
.)...#..#.....g.≈....### #
...#...#......@..!....##
.#..#....#.######..:.....##
#.##.....#.# #........).#
...#.....#.# #..........#
....#....#.#####..........#
.....#.#.#....)...........#
<.#...#....####...........#
.#...#.#.#...............##
#...#....#.#####..........#


You could see a gnoll.

Vanquished Creatures
  A dart slug (D:1)
  A bat (D:1)
  A hobgoblin (D:1)
  A kobold (D:1)
  2 frilled lizards (D:1)
6 creatures vanquished.

Notes
Turn   | Place    | Note
-------+----------+-------------------------------------------
     0 | D:1      | nickcage the Merfolk Gladiator began the quest for the Orb.
     0 | D:1      | Reached XP level 1. HP: 16/16 MP: 1/1
   264 | D:1      | Reached XP level 2. HP: 17/22 MP: 2/2
   269 | D:1      | Slain by a gnoll

Illustrated notes

Levels and vault maps discovered:
D:1:      matt_arrival_diagonals, layout_rooms, serial_rivers,
          chequers_serial_rivers_room_a, chequers_serial_rivers_small_b,
          chequers_serial_rivers_micro_a, chequers_serial_rivers_micro_c,
          chequers_serial_rivers_room_b, chequers_serial_rivers_small_b,
          nicolae_ecumenical_snake_handling

Skill      XL: |  1 |
---------------+----+-----
Long Blades    | 4 |  4.3
Fighting       | |  2.1
Throwing       | |  2.0
Dodging        | |  4.0

Action                   || total
-------------------------++-------
Melee: Long sword        ||    24
Armor: Leather armour    ||    10
Dodge: Dodged            ||    35
